 Dungeon Crawl Stone Soup version 0.17.1-2-g5865329 (webtiles) character file.

602 seren the Destroyer (level 7, 0/51 HPs)
             Began as a Pale Draconian Conjurer on Feb 3, 2016.
             Was an Initiate of Vehumet.
             Slain by Duvessa
             ... wielding a +0 short sword
              (9 damage)
             ... on level 4 of the Dungeon on Feb 4, 2016.
             The game lasted 00:46:31 (7225 turns).

seren the Destroyer (Pale Draconian Conjurer)       Turns: 7225, Time: 00:46:32

Health: 0/51       AC:  6    Str: 11    XL:     7   Next: 18%
Magic:  5/11       EV: 12    Int: 17    God:    Vehumet [......]
Gold:   236        SH:  0    Dex: 11    Spells: 2 memorised, 8 levels left

rFire  x . .     SeeInvis .     m - +4 quarterstaff
rCold  + . .     Clarity  .     (armour unavailable)
rNeg   . . .     SustAt   .     (shield currently unavailable)
rPois  .         Gourm    .     (helmet restricted)
rElec  .         Spirit   .     (no cloak)
rCorr  .         Warding  .     (no gloves)
rMut   .         Stasis   .     (no boots)
MR     .....                    (no amulet)
Stlth  ++........               (no ring)
                                k - ring of ice

@: very slightly contaminated, not resistant to hostile enchantments, unstealthy
A: breathe steam, unfitting armour, cold-blooded, AC +6
a: Breathe Steam, Renounce Religion


You were on level 4 of the Dungeon.
You worshipped Vehumet.
Vehumet was noncommittal.
You were not hungry.

You visited 1 branch of the dungeon, and saw 6 of its levels.

You collected 236 gold pieces.

Inventory:

Hand Weapons
 m - a +4 quarterstaff (weapon)
 u - a +0 blowgun
Missiles
 d - 203 stones (quivered)
 w - 4 curare-tipped needles
 x - 69 poisoned needles
Jewellery
 k - a ring of ice (left hand)
 y - an uncursed amulet of regeneration
Wands
 p - a wand of slowing (6)
Scrolls
 e - a scroll of remove curse
 f - a scroll of magic mapping
 j - a scroll of blinking {unknown}
 l - a scroll of noise {unknown}
 r - a scroll of enchant armour {unknown}
 v - a scroll of identify
 C - a scroll of immolation
Potions
 c - a potion of brilliance {unknown}
 g - a potion of cancellation
 h - 4 potions of might
 i - a potion of flight {unknown}
 o - a potion of lignification {unknown}
 A - a potion of haste {unknown}
 B - a potion of heal wounds
 D - a potion of mutation {unknown}
Books
 a - a book of Conjurations

   Spells                             Type                      Level
   a - Magic Dart                     Conjuration                  1
   b - Searing Ray                    Conjuration                  2
   c - Dazzling Spray                 Conjuration/Hexes            3
   d - Fulminant Prism                Conjuration/Hexes            4
   e - Iskenderun's Mystic Blast      Conjuration                  4
   f - Iskenderun's Battlesphere      Conjuration/Charms           5
 t - a book of Power

   Spells                             Type                      Level
   a - Fulminant Prism                Conjuration/Hexes            4
   b - Iskenderun's Mystic Blast      Conjuration                  4
   c - Venom Bolt                     Conjuration/Poison           5
   d - Bolt of Magma                  Conjuration/Fire/Earth       5
   e - Iron Shot                      Conjuration/Earth            6
   f - Orb of Destruction             Conjuration                  7
   g - Spellforged Servitor           Conjuration/Summoning        7
 z - a book of Party Tricks

   Spells                             Type                      Level
   a - Summon Butterflies             Summoning                    1
   b - Apportation                    Translocation                1
   c - Tukima's Dance                 Hexes                        3
   d - Alistair's Intoxication        Transmutation/Poison         4
   e - Invisibility                   Hexes                        6
Comestibles
 b - a bread ration
 n - 3 meat rations
 q - a chunk of flesh
 E - a slice of pizza


   Skills:
 + Level 0.9 Fighting
 + Level 1.9 Dodging
 - Level 1.8 Stealth
 - Level 1.0 Unarmed Combat
 + Level 3.1 Spellcasting
 * Level 8.0 Conjurations


You had 8 spell levels left.
You knew the following spells:

 Your Spells              Type           Power        Failure   Level  Hunger
a - Magic Dart            Conj           ####         1%          1    None
b - Dazzling Spray        Conj/Hex       ###.....     12%         3    ###....


Dungeon Overview and Level Annotations

Branches:
Dungeon (6/15)
 Temple: D:4-7

Altars:
Ru
Trog
Vehumet

Annotations:
D:4 Duvessa


Innate Abilities, Weirdness & Mutations

You can breathe blasts of scalding, opaque steam.
Your pale cyan-grey scales are hard (AC +6).
Your body does not fit into most forms of armour.
You are cold-blooded and may be slowed by cold attacks.


Message History

Duvessa hits you with a short sword!!
There is a stone staircase leading down, spattered with blood here.
Duvessa hits you with a short sword!
You climb downwards.
There is a stone staircase leading up here.
Duvessa hits you but does no damage. Duvessa hits you with a short sword.
You climb upwards.
There is a stone staircase leading down, spattered with blood here.
Read which item? (? for menu, Esc to quit)
Okay, then.
Casting: Magic Dart
Confirm with . or Enter, or press ? or * to list all spells.
You don't know that spell.
You hit Duvessa.
You tail-slap Duvessa, but do no damage.
Duvessa is lightly wounded.
Duvessa hits you with a short sword!
* * * LOW HITPOINT WARNING * * *
Duvessa hits you with a short sword!
You die...

#'#.### ##.##.# ##
......#######.##.# #.#
............#..#.# #.#
..).........##.#.# #.#
.......)....##.#.# #.#
............##.#'### #.#
####........##.....# #.#
#.....)..##.....#########.#
#........##.e@..'.........#
########...(....###########
#.....(.[# #.....####
#.....# #.....# #######


You could see Duvessa (berserk).

Vanquished Creatures
  A scorpion (D:5)
  Dowan (D:4)
  A hound (D:4)
  An orc wizard (D:5)
  A jelly (D:5)
  3 orc priests
  2 worker ants (D:4)
  7 gnolls
  11 adders
  2 oozes
  2 worms (D:3)
  8 orcs
  A ball python (D:5)
  2 bats
  9 giant cockroaches
  3 goblins
  8 hobgoblins
  12 kobolds
  5 giant geckos
  5 giant newts
  2 jackals (D:2)
  10 rats
97 creatures vanquished.

Notes
Turn   | Place    | Note
--------------------------------------------------------------
     0 | D:1      | seren the Draconian Conjurer began the quest for the Orb.
     0 | D:1      | Reached XP level 1. HP: 14/14 MP: 3/3
    28 | D:1      | test
   134 | D:1      | Reached XP level 2. HP: 10/20 MP: 3/5
  1010 | D:2      | Reached XP level 3. HP: 26/26 MP: 2/6
  1015 | D:2      | Learned a level 3 spell: Dazzling Spray
  1465 | D:1      | Reached skill level 1 in Unarmed Combat
  1920 | D:2      | Reached skill level 5 in Conjurations
  2070 | D:3      | Reached XP level 4. HP: 34/34 MP: 4/7
  3692 | D:3      | Reached XP level 5. HP: 22/39 MP: 3/9
  3837 | D:3      | Reached skill level 6 in Conjurations
  4059 | D:3      | Found a faded altar to an unknown god.
  4486 | D:4      | Noticed an ogre
  4798 | D:4      | Noticed Dowan
  4802 | D:4      | Noticed Duvessa
  5188 | D:5      | Entered Level 5 of the Dungeon
  5191 | D:5      | Found a radiant altar of Vehumet.
  5195 | D:5      | Became a worshipper of Vehumet
  5507 | D:5      | Found a sacrificial altar of Ru.
  5544 | D:5      | Reached XP level 6. HP: 46/46 MP: 0/10
  5736 | D:5      | Noticed a centaur
  5990 | D:5      | Reached skill level 7 in Conjurations
  6187 | D:5      | Found a bloodstained altar of Trog.
  6958 | D:5      | Your scales start taking on a pale cyan-grey colour.
  6958 | D:5      | Reached XP level 7. HP: 45/51 MP: 1/11
  7103 | D:4      | Reached skill level 8 in Conjurations
  7188 | D:4      | Killed Dowan
  7225 | D:4      | Slain by Duvessa

Action                   |  1- 3 |  4- 6 |  7- 9 || total
-------------------------+-------+-------+-------++-------
Melee: Unarmed           |    19 |       |       ||    19
       Quarterstaff      |    10 |    59 |     1 ||    70
       Club              |     2 |       |       ||     2
 Cast: Magic Dart        |    75 |   179 |    20 ||   274
       Dazzling Spray    |       |     1 |       ||     1
Evoke: Wand              |       |     2 |       ||     2
  Use: Scroll            |       |     8 |     1 ||     9
       Potion            |       |     4 |     1 ||     5
 Stab: Sleeping          |       |     2 |       ||     2
  Eat: Chunk             |     4 |     4 |     1 ||     9
       Bread ration      |       |     3 |       ||     3
